 Dungeon Crawl Stone Soup version 0.17.1-3-g152610e (webtiles) character file.

1304 MovingMist the Skirmisher (level 8, -2/52 HPs)
             Began as a Gargoyle Fighter on Apr 25, 2016.
             Slain by a snapping turtle (10 damage)
             ... on level 6 of the Dungeon.
             The game lasted 00:14:50 (5160 turns).

MovingMist the Skirmisher (Gargoyle Fighter)        Turns: 5160, Time: 00:14:50

Health: -2/52      AC: 15    Str: 22    XL:     8   Next: 57%
Magic:  8/8        EV:  6    Int:  9    God:
Gold:   332        SH: 10    Dex:  9    Spells: 0 memorised, 7 levels left

rFire  . . .     SeeInvis .     a - +0 flail
rCold  . . .     Clarity  .     n - +0 chain mail
rNeg   + + .     SustAt   .     c - +0 shield
rPois  ∞         Gourm    .     g - +0 helmet
rElec  +         Spirit   .     p - +0 cloak
rCorr  .         Warding  +     (no gloves)
rMut   .         Stasis   .     B - +0 pair of boots
MR     .....                    r - amulet of warding
Stlth  ..........               (no ring)
                                (no ring)

@: not resistant to hostile enchantments, extremely unstealthy
A: deformed body, negative energy resistance 1, sense surroundings 1, screaming
1, electricity resistance, unbreathing, petrification resistance, rot immunity,
AC +5
a: no special abilities


You were on level 6 of the Dungeon.
You were hungry.

You visited 1 branch of the dungeon, and saw 6 of its levels.

You collected 332 gold pieces.

Inventory:

Hand Weapons
 a - a +0 flail (weapon)
Armour
 c - a +0 shield (worn)
 g - a +0 helmet (worn)
 n - a +0 chain mail (worn)
 p - a +0 cloak (worn)
 B - a +0 pair of boots (worn)
Jewellery
 r - an amulet of warding (around neck)
 v - an uncursed ring of wizardry
 x - an uncursed amulet of rage
Wands
 s - a wand of digging (22)
 u - a wand of polymorph (4)
Scrolls
 h - a scroll of identify
 k - 5 scrolls of remove curse
 t - 3 scrolls of teleportation
 w - a scroll of fog {unknown}
 y - a scroll of immolation {unknown}
 z - a scroll of blinking {unknown}
Potions
 b - 3 potions of curing
 d - a potion of might
 f - 2 potions of lignification
 i - a potion of invisibility {unknown}
 j - 3 potions of agility {unknown}
 m - 2 potions of degeneration
 q - a potion of haste {unknown}
Comestibles
 e - 4 bread rations
 l - 4 beef jerkies
 o - 2 meat rations


   Skills:
 + Level 6.6 Fighting
 + Level 5.3 Maces & Flails
 + Level 6.1 Armour
 + Level 6.6 Shields


You had 7 spell levels left.
You didn't know any spells.

Dungeon Overview and Level Annotations

Branches:
Dungeon (6/15)             Temple (0/1) D:6

Altars:
Dithmenos
Elyvilon
Fedhas
Sif Muna
Zin
The Shining One


Innate Abilities, Weirdness & Mutations

You are resistant to torment.
Your stone body is resilient (AC +5).
You are immune to poison.
You resist negative energy.
You are resistant to electric shocks.
You can survive without breathing.
You are immune to petrification.
You are immune to rotting.
Armour fits poorly on your strangely shaped body.
You passively map a small area around you.
You occasionally shout uncontrollably at your foes.


Message History

The snapping turtle bites you! You block the snapping turtle's attack.
You hit the snapping turtle but do no damage.
The snapping turtle barely misses you.
Your shield prevents you from hitting the snapping turtle.
The snapping turtle bites you!
You hit the snapping turtle.
The snapping turtle is lightly wounded.
You block the snapping turtle's attack.
Your chain mail prevents you from hitting the snapping turtle.
The snapping turtle is lightly wounded.
The snapping turtle bites you!!
* * * LOW HITPOINT WARNING * * *
The snapping turtle bites you but does no damage.
You hit the snapping turtle.
The snapping turtle is lightly wounded.
You block the snapping turtle's attack.
You hit the snapping turtle.
The snapping turtle is lightly wounded.
The snapping turtle bites you!
You die...

### ##.##
##.#.###############
#.###..............#
,
##.#.#############.#
* ##*##.## #.# , ,,.
#.# #.# * * #. #@#
#.# ##.##t# #.#
####...#.# #.#
.........# #.# *
####...### #.# ##.#*
#.# #. #.# , #, #.#
, #####.#


You could see a snapping turtle.

Vanquished Creatures
  2 ice beasts (D:6)
  A sky beast (D:6)
  A wasp (D:5)
  3 centaurs
  A water moccasin zombie (D:6)
  A scorpion (D:5)
  A vampire bat (D:3)
  3 crimson imps (D:5)
  A giant frog skeleton (D:4)
  A hound (D:3)
  A jelly (D:6)
  3 orc wizards
  4 worker ants
  An iguana (D:4)
  3 adders
  3 gnolls (D:5)
  4 oozes
  An adder zombie (D:6)
  4 worms
  3 giant geckos
  9 orcs
  5 giant cockroaches
  10 goblins
  6 hobgoblins
  9 jackals
  7 kobolds
  3 quokkas
  16 bats
  A giant cockroach zombie (D:5)
  5 giant newts
  A jackal zombie (D:5)
  5 rats
119 creatures vanquished.

Notes
Turn   | Place    | Note
--------------------------------------------------------------
     0 | D:1      | MovingMist the Gargoyle Fighter began the quest for the Orb.
     0 | D:1      | Reached XP level 1. HP: 14/14 MP: 1/1
   274 | D:1      | Reached XP level 2. HP: 17/19 MP: 2/2
  1104 | D:2      | Found a shadowy altar of Dithmenos.
  1116 | D:2      | Reached XP level 3. HP: 23/23 MP: 3/3
  1246 | D:2      | Found a blossoming altar of Fedhas.
  1613 | D:2      | Reached skill level 4 in Fighting
  1637 | D:2      | Reached XP level 4. HP: 27/29 MP: 4/4
  2251 | D:3      | Reached XP level 5. HP: 33/33 MP: 5/5
  2800 | D:3      | Reached XP level 6. HP: 26/39 MP: 6/6
  3246 | D:4      | Reached skill level 5 in Fighting
  3270 | D:4      | Reached skill level 5 in Shields
  3342 | D:4      | Found a deep blue altar of Sif Muna.
  3538 | D:5      | Entered Level 5 of the Dungeon
  3700 | D:5      | Reached XP level 7. HP: 42/44 MP: 7/7
  3723 | D:5      | Found a glowing silver altar of Zin.
  3725 | D:5      | Found a white marble altar of Elyvilon.
  3726 | D:5      | Found a glowing golden altar of the Shining One.
  4035 | D:5      | Reached skill level 5 in Armour
  4717 | D:6      | Reached XP level 8. HP: 51/51 MP: 8/8
  4746 | D:6      | Reached skill level 6 in Fighting
  4786 | D:6      | Gained mutation: Armour fits poorly on your strangely shaped body. [mutagenic meat]
  4787 | D:6      | Gained mutation: You passively map a small area around you. [mutagenic meat]
  4788 | D:6      | Gained mutation: You occasionally shout uncontrollably at your foes. [mutagenic meat]
  4821 | D:6      | Reached skill level 5 in Maces & Flails
  5146 | D:6      | Noticed a hill giant
  5153 | D:6      | Noticed a snapping turtle
  5153 | D:6      | a hill giant changed into a snapping turtle
  5160 | D:6      | Slain by a snapping turtle

Action                   |  1- 3 |  4- 6 |  7- 9 || total
-------------------------+-------+-------+-------++-------
Melee: Flail             |   165 |   262 |   182 ||   609
Evoke: Wand              |       |       |     4 ||     4
  Use: Scroll            |     6 |     6 |     2 ||    14
       Potion            |       |       |     1 ||     1
  Eat: Chunk             |     3 |     7 |     7 ||    17
